 Dungeon Crawl Stone Soup version 0.30-b1-2-g02819fbbbe (webtiles) character file.

Game seed: 323547400069705746

10 Alarkh the Insei (level 2, 24/24 HPs)
             Began as a Demonspawn Chaos Knight on May 21, 2023.
             Was a Plaything of Xom.
             Got out of the dungeon alive.
             The game lasted 00:00:49 (251 turns).

Alarkh the Insei (Demonspawn Chaos Knight)           Turns: 251, Time: 00:00:49

Health: 24/24      AC:  5    Str: 12    XL:     2   Next: 10%
Magic:  2/2        EV: 11    Int: 13    God:    Xom [..*...]
Gold:   34         SH:  0    Dex: 12    Spells: 1/1 levels left

rFire   . .          .
                       - Unarmed
rCold   . . .        (no shield)
rNeg    . . .        a - +2 leather armour
rPois   .            (no helmet)
rElec   .            (no cloak)
rCorr   .            (no gloves)
SInv    .            (no boots)
Will    .....        (no amulet)
Stlth   +            (no ring)
HPRegen 0.24/turn    (no ring)
MPRegen 0.08/turn

%: no passive effects
@: no status effects
A: demonic touch 1
a: Renounce Religion


You escaped.
You worshipped Xom.
You were a toy of Xom.
You visited 1 branch of the dungeon, and saw 1 of its levels.

You collected 34 gold pieces.

Inventory:

Armour
 a - a +2 leather armour (worn)
Scrolls
 c - a scroll of blinking {unknown}
 d - a scroll of identify {unknown}
Miscellaneous
 b - a piece from Xom's chessboard (15/15) (quivered)


   Skills:
 - Level 3.0 Fighting
 - Level 1.7 Armour
 - Level 0.8 Dodging
 + Level 3.3 Unarmed Combat


You had one spell level left.
You didn't know any spells.
Your spell library was empty.

Dungeon Overview and Level Annotations

Branches:
Dungeon (1/15)

Altars:


Innate Abilities, Weirdness & Mutations

Your touch may inflict minor irresistible damage on your foes.


Message History

You see here a +0 short sword.
You now have 34 gold pieces (gained 15).
Found a mace.
Found a robe.
No target in view!
A bat comes into view.
A bat is nearby!
The bat barely misses you.
Found a scroll labelled VAN ZO NOOZOKY.
The bat barely misses you.
You hit the bat. Your punch misses the bat.
The bat is heavily wounded.
The bat hits you. The bat barely misses you.
Found a scroll labelled XIAHOPH VEASCH.
Found a stone staircase leading down.
The bat barely misses you. x2
You barely miss the bat.
The bat is heavily wounded.
The bat misses you.
You closely miss the bat.
The bat is heavily wounded.
The bat misses you. The bat hits you but does no damage.
The bat barely misses you.
You barely miss the bat.
The bat is heavily wounded.
The bat hits you but does no damage.
You closely miss the bat.
You touch the bat.
You kill the bat!
No target in view!
No target in view!
No target in view!
You see here a giant cockroach corpse.
You see here a +0 robe.
You almost hear Xom's maniacal laughter.
A fancy cane briefly appears in your hand.
You can't go up here!
(D) Dungeon
Where to? (Enter - D:1 @ (x,y), ? - help)
There is a staircase leading out of the dungeon here.
Are you sure you want to leave the Dungeon?
This will make you lose the game!
You have escaped!

#. .### #
#...### .##
#.....###..
##........#
#.........#
##...♣.....#
#.....@...#
#.........###
#........##.#
..###.....#
.##### .
###...##......
####...# #..##
##.# #.###.#


There were no monsters in sight!

Vanquished Creatures
  A giant cockroach (D:1)
  A goblin (D:1)
  A hobgoblin (D:1)
  A quokka (D:1)
  2 bats (D:1)
  2 kobolds (D:1)
  A rat (D:1)
9 creatures vanquished.

Notes
Turn   | Place    | Note
-------+----------+-------------------------------------------
     0 | D:1      | Alarkh the Demonspawn Chaos Knight began the quest for the
                  | Orb.
     0 | D:1      | Reached XP level 1. HP: 18/18 MP: 1/1
    59 | D:1      | XOM: potion effect (haste)
   110 | D:1      | Gained mutation: Your touch may inflict minor irresistible
                  | damage on your foes. [demonic ancestry]
   110 | D:1      | Reached XP level 2. HP: 16/24 MP: 2/2
   237 | D:1      | XOM: silly message
   251 | D:$      | Got out of the dungeon alive.

Illustrated notes

Levels and vault maps discovered:
D:1:      spicycebolla_green_bress_n_ham, layout_loops_ring

Skill      XL: |  1 |
---------------+----+-----
Unarmed Combat | 3 |  3.3
Fighting       | |  3.0
Armour         | |  1.7
Dodging        | |  0.8

Action                     || total
---------------------------++-------
  Melee: Unarmed           ||    34
         Punch             ||     1
         Touch             ||     1
 Armour: Leather armour    ||     7
  Dodge: Dodged            ||    22
